[Event "Early-Titled-Tuesday-Blitz-September-05-2023"]
[Site "Chess.com"]
[Date "2023.09.05"]
[Round "5"]
[White "petearrpan"]
[Black "MikeSailer"]
[Result "0-1"]
[WhiteElo "2416"]
[BlackElo "2177"]
[TimeControl "180+1"]
[EndTime "8:51:44 PDT"]
[Termination "MikeSailer won on time"]

1. e4 d5 2. exd5 Qxd5 3. Nf3 Bg4 4. Be2 Nc6 5. Nc3 Qd7 6. h3 Bh5 7. O-O O-O-O 8. a3 Nf6 9. b4 e5 10. b5 Bxf3 11. Bxf3 Nd4 0-1

[Event "Early-Titled-Tuesday-Blitz-September-05-2023"]
[Site "Chess.com"]
[Date "2023.09.05"]
[Round "5"]
[White "gau248"]
[Black "Gareth-Bale11"]
[Result "1/2-1/2"]
[WhiteElo "2570"]
[BlackElo "2783"]
[TimeControl "180+1"]
[EndTime "8:51:45 PDT"]
[Termination "Game drawn by repetition"]

1. d4 d5 2. Nf3 Nf6 3. c4 e6 4.
g3 Bb4+ 5. Bd2 Be7 6. Bg2 O-O 7. O-O Nbd7 8. Qc2 c6 9. Rd1 b6 10. Bf4 Nh5 11. Bc1 Nhf6 12. Bf4 a5 13. Nbd2 Nh5 14.
Be3 Ba6 15. Rac1 Rc8 16. b3 Ba3 17. Rb1 c5 18. dxc5 bxc5 19. cxd5 exd5 20. Ng5 Nhf6 21. Bxd5 h6 22. Nxf7 Rxf7 23. Bxf7+ Kxf7 24. Nc4 Bxc4 25. Qxc4+ Kg6 26. Rd6 Qe8 27. Qc2+ Kf7 28. Qc4+ Kg6 29. Qc2+ Kf7 30. Qc4+ Kg6 1/2-1/2

[Event "Early-Titled-Tuesday-Blitz-September-05-2023"]
[Site "Chess.com"]
[Date "2023.09.05"]
[Round "5"]
[White "Boxerandchessplayer"]
[Black "rikchessmx"]
[Result "0-1"]
[WhiteElo "2076"]
[BlackElo "2392"]
[TimeControl "180+1"]
[EndTime "8:51:48 PDT"]
[Termination "rikchessmx won by resignation"]

1. e4 e5 2. Nf3 Nc6 3. Bc4 Bc5 4. O-O d6 5. c3 Qf6 6. d3 h6 7. b4 Bb6 8. a4 a6 9. b5 axb5 10. Bxb5 Ne7 11. Be3 O-O 12. Nbd2 Ng6 13. Bxb6 cxb6 14. g3 Bh3 15. Re1 Na5 16. Qe2 Rac8 17. c4 Nc6 18. Qe3 Nf4 19. gxf4 exf4 20. Kh1 fxe3 21. fxe3 Nb4 22. e5 dxe5 23. Ne4 Qxf3+ 0-1

[Event "Early-Titled-Tuesday-Blitz-September-05-2023"]
[Site "Chess.com"]
[Date "2023.09.05"]
[Round "5"]
[White "Dmitry_Konenkin"]
[Black "Bobbybunny"]
[Result "1-0"]
[WhiteElo "2396"]
[BlackElo "2152"]
[TimeControl "180+1"]
[EndTime "8:51:57 PDT"]
[Termination "Dmitry_Konenkin won by resignation"]

1. d4 Nf6 2. Bg5 Nc6 3. d5 Ne5 4. f4 Ng6 5. f5 Ne5 6. Qd4 d6 7. Nf3 Nxf3+ 8. gxf3 Bxf5 9. e4 Bd7 10. c4 e5 11. dxe6 fxe6 12. Nc3 Be7 13. O-O-O O-O 14.
h4 e5 15. Qd2 Be6 16. Bd3 c6 17. Rdg1 Kh8 18. h5 Nd7 19. h6 g6 20. Be3 b6 21. f4 exf4 22. Bxf4 Ne5 23. Be2 Nxc4 24. Bxc4 Bxc4 25. Qd4+ Rf6 26. Bg5 b5 27. b3 Be6 28.
Rf1 b4 29. Rxf6 Kg8 30. Rxg6+ 1-0

[Event "Early-Titled-Tuesday-Blitz-September-05-2023"]
[Site "Chess.com"]
[Date "2023.09.05"]
[Round "5"]
[White "ozates"]
[Black "PeshkaCh"]
[Result "0-1"]
[WhiteElo "2566"]
[BlackElo "2795"]
[TimeControl "180+1"]
[EndTime "8:51:58 PDT"]
[Termination "PeshkaCh won by resignation"]

1. e4 e5 2. Nf3 Nc6 3. Bb5 a6 4. Ba4 Nge7 5. c3 Ng6 6. d4 exd4 7. cxd4 d5 8. e5 Bg4 9. Bxc6+ bxc6 10. h3 Bxf3 11. Qxf3 Bb4+ 12. Nc3 c5 13. Be3 cxd4 14. Bxd4 c5 15. e6 O-O 16. Bxg7 Kxg7 17. O-O-O Qg5+ 18. Kb1 fxe6 19. Ne4 dxe4 20. Rd7+ Kg8 21. Qb3 Qf5 22.
a3 e3+ 23. Ka2 exf2 24. Rf1 Be1 25. g4 Qe5 26. h4 Rab8 27. Qc2 Rfd8 28. Rxh7 Qd5+ 29.
b3 Kxh7 30. h5 Qd2 31. hxg6+ Kg7 0-1

[Event "Early-Titled-Tuesday-Blitz-September-05-2023"]
[Site "Chess.com"]
[Date "2023.09.05"]
[Round "5"]
[White "Sanan_Sjugirov"]
[Black "Chernobay_Artem"]
[Result "1-0"]
[WhiteElo "2902"]
[BlackElo "2603"]
[TimeControl "180+1"]
[EndTime "8:52:00 PDT"]
[Termination "Sanan_Sjugirov won by resignation"]

1. Nf3 Nf6 2. e3 g6 3. b3 Bg7 4. Bb2 d6 5. d4 O-O 6. Be2 Nbd7 7. O-O c6 8. c4 Qc7 9. Nc3 e5 10. Qc2 Re8 11. Rfd1 exd4 12. Nxd4 a5 13. h3 Nc5 14. a3 Bd7 15. b4 Nce4 16. Nxe4 Nxe4 17.
Bd3 Nf6 18. Rac1 axb4 19. axb4 Qb6 20. Bc3 Ra3 21. Qb2 Rea8 22. Ra1 Qa7 23. Nc2 Ra2 24.
Rxa2 Qxa2 25. Ra1 1-0

[Event "Early-Titled-Tuesday-Blitz-September-05-2023"]
[Site "Chess.com"]
[Date "2023.09.05"]
[Round "5"]
[White "Murad_Ibrahimli"]
[Black "Hikaru"]
[Result "0-1"]
[WhiteElo "2863"]
[BlackElo "3266"]
[TimeControl "180+1"]
[EndTime "8:52:10 PDT"]
[Termination "Hikaru won by resignation"]

1. d4 a6 2. e4 c6 3. c4 d6 4.
Nc3 b5 5. Bd3 g6 6. a3 Bg7 7. Nge2 Nf6 8. O-O O-O 9. Bg5 h6 10. Bd2 e5 11. d5 cxd5 12. cxd5 Nbd7 13. Be3 Nb6 14. f3 Nfd7 15. b4 f5 16. a4 bxa4 17. Nxa4 Nxa4 18. Qxa4 Nf6 19. Qc6 Rb8 20. Rab1 fxe4 21. fxe4 Ng4 22. Bd2 Bb7 23. Qc1 Qb6+ 24. Kh1 Rxf1+ 0-1

[Event "Early-Titled-Tuesday-Blitz-September-05-2023"]
[Site "Chess.com"]
[Date "2023.09.05"]
[Round "5"]
[White "Grossboss19"]
[Black "Ramosha"]
[Result "1-0"]
[WhiteElo "2503"]
[BlackElo "2645"]
[TimeControl "180+1"]
[EndTime "8:52:11 PDT"]
[Termination "Grossboss19 won by checkmate"]

1. c4 d5 2. cxd5 Qxd5 3. Nc3 Qd8 4. d4 Nf6 5. e4 e5 6. d5 Bc5 7. Na4 Bb6 8. Nf3 Nxe4 9. Nxb6 axb6 10. Bb5+ c6 11. Bc4 Nd6 12. Bb3 O-O 13. O-O Bg4 14. h3 Bxf3 15. Qxf3 c5 16. Re1 Nd7 17. Bc2 Re8 18.
b3 Qf6 19. Qg4 Qe7 20. Bg5 f6 21. Bd2 Nf8 22. f4 e4 23. f5 Qf7 24. Bf4 Qxd5 25. Rad1 Qf7 26. Bxd6 Rxa2 27. Bxe4 h5 28. Qf3 Kh8 29.
Bd5 Rxe1+ 30. Rxe1 Qd7 31. Qxh5+ Nh7 32. Re8+ Qxe8 33.
Qxe8+ Nf8 34. Bxf8 Kh7 35. Qh5# 1-0

[Event "Early-Titled-Tuesday-Blitz-September-05-2023"]
[Site "Chess.com"]
[Date "2023.09.05"]
[Round "5"]
[White "OldGuysRule1956"]
[Black "Kingstar70"]
[Result "0-1"]
[WhiteElo "2175"]
[BlackElo "2493"]
[TimeControl "180+1"]
[EndTime "8:52:17 PDT"]
[Termination "Kingstar70 won by resignation"]

1. Nf3 Nf6 2. b3 d6 3. Bb2 e5 4. e3 Be7 5. d3 O-O 6. Nbd2 b6 7. c4 Bb7 8. Be2 Nbd7 9. O-O a5 10. a3 Re8 11. Qc2 Bf8 12. Rfe1 g6 13. Rad1 Bg7 14.
Nf1 Nc5 15. Ng3 Qc8 16. Nd2 h5 17. Bf3 h4 18. Ngf1 e4 19. dxe4 Ncxe4 20. Nxe4 Bxe4 21.
Bxe4 Nxe4 22. Bxg7 Kxg7 23. f3 Nf6 24. Qc3 Qf5 25. e4 Qf4 26. Qe3 Nh5 27. Qxf4 Nxf4 28.
g3 hxg3 29. hxg3 Ne6 30. Ne3 Nc5 31. Rb1 c6 32. Red1 Re6 33. Kf2 Rh8 34. Kg2 Kf6 35. b4 axb4 36. axb4 Na4 37. Rb3 Ke7 38. Rbd3 Nb2 39. R1d2 Nxd3 40. Rxd3 Ra8 41. Rd2 Ra3 42. Kf2 Rb3 43. Nc2 Rb2 44. Ke3 f5 45. Kd3 fxe4+ 46. fxe4 Rf6 47. Nd4 Rxd2+ 48. Kxd2 Kd7 49. Ke3 Rf1 50.
Nf3 Rb1 51. Nh4 Rxb4 52. Nxg6 Rxc4 53. Nf4 b5 54. g4 b4 55. Kd3 Rc3+ 56. Kd4 Rg3 0-1

[Event "Early-Titled-Tuesday-Blitz-September-05-2023"]
[Site "Chess.com"]
[Date "2023.09.05"]
[Round "5"]
[White "EddieUrquhart"]
[Black "Nbk90"]
[Result "1-0"]
[WhiteElo "2387"]
[BlackElo "2112"]
[TimeControl "180+1"]
[EndTime "8:52:21 PDT"]
[Termination "EddieUrquhart won on time"]

1. e4 c5 2. Nc3 e6 3. d4 cxd4 4.
Qxd4 Nc6 5. Qd3 Nf6 6. Bf4 Bb4 7. f3 d5 8. O-O-O Bxc3 9. Qxc3 O-O 10. Bg5 d4 11. Qd2 h6 12. Bh4 Nxe4 13. Qe1 Nf6 14. g4 g5 15. Bf2 e5 16. h4 Kg7 17.
hxg5 hxg5 18. Bb5 1-0

[Event "Early-Titled-Tuesday-Blitz-September-05-2023"]
[Site "Chess.com"]
[Date "2023.09.05"]
[Round "5"]
[White "Casablanca"]
[Black "artin10862"]
[Result "0-1"]
[WhiteElo "2703"]
[BlackElo "2976"]
[TimeControl "180+1"]
[EndTime "8:52:22 PDT"]
[Termination "artin10862 won by checkmate"]

1. d4 Nf6 2. Bg5 c5 3. Nc3 cxd4 4. Qxd4 Nc6 5. Qh4 b5 6. e4 b4 7. Nd5 Qa5 8. O-O-O Qxa2 9. Nc7+ Kd8 10. Nxa8 Qa1+ 11. Kd2 Qxb2 12. Bd3 Qc3+ 13. Ke2 b3 14. Qf4 Nd4+ 15.
Kf1 bxc2 16. Bxc2 Ba6+ 17. Ne2 Bxe2+ 18. Kg1 Bxd1 19. Bxd1 Qe1# 0-1

[Event "Early-Titled-Tuesday-Blitz-September-05-2023"]
[Site "Chess.com"]
[Date "2023.09.05"]
[Round "5"]
[White "Mariia89"]
[Black "Nick12772"]
[Result "0-1"]
[WhiteElo "1965"]
[BlackElo "2322"]
[TimeControl "180+1"]
[EndTime "8:52:25 PDT"]
[Termination "Nick12772 won by resignation"]

1. d4 Nf6 2. Nf3 g6 3. c4 Bg7 4.
Nc3 d5 5. Bg5 Ne4 6. cxd5 Nxg5 7. Nxg5 e6 8. Nf3 exd5 9. e3 O-O 10. Be2 c6 11. O-O Bf5 12. b4 a6 13. Na4 Nd7 14. Nc5 Qc7 15. Rc1 Rfb8 16. Nh4 Nxc5 17. Nxf5 Ne6 18.
Ng3 Qd6 19. Qb3 h5 20. Bd3 Re8 21. Rc2 h4 22. Ne2 Ng5 23. Rfc1 h3 24. Nf4 hxg2 25.
Kxg2 Ne4 26. Bxe4 Rxe4 27. a4 Bxd4 28. exd4 Qxf4 29. Qg3 Rxd4 0-1

[Event "Early-Titled-Tuesday-Blitz-September-05-2023"]
[Site "Chess.com"]
[Date "2023.09.05"]
[Round "5"]
[White "WiktoriaPOL"]
[Black "DanielTitichoca"]
[Result "1-0"]
[WhiteElo "2294"]
[BlackElo "2428"]
[TimeControl "180+1"]
[EndTime "8:52:34 PDT"]
[Termination "WiktoriaPOL won by resignation"]

1. c4 e5 2. Nc3 f5 3. d4 e4 4.
g3 Bb4 5. Nh3 Bxc3+ 6. bxc3 d6 7. Qb3 Nc6 8. Bg2 b6 9. Nf4 Na5 10. Qb4 c5 11. Qb1 Nf6 12. e3 Ba6 13. O-O Bxc4 14.
Rd1 Qe7 15. dxc5 dxc5 16. Bf1 Bxf1 17. Kxf1 O-O 18. Qb5 Rfd8 19. Ba3 Qe5 20. Bb2 Ng4 21. h3 Nh2+ 22. Kg2 Nf3 23. Rxd8+ Rxd8 24. Qa6 Qc7 25. Qb5 Rd2 26. Ne6 Qd6 27. Qe8+ 1-0

[Event "Early-Titled-Tuesday-Blitz-September-05-2023"]
[Site "Chess.com"]
[Date "2023.09.05"]
[Round "5"]
[White "blitzo_vich"]
[Black "topin8"]
[Result "1-0"]
[WhiteElo "2617"]
[BlackElo "2467"]
[TimeControl "180+1"]
[EndTime "8:52:36 PDT"]
[Termination "blitzo_vich won on time"]

1. c4 c5 2. Nf3 Nc6 3. Nc3 g6 4. e3 Bg7 5. d4 cxd4 6. exd4 d6 7.
Be2 Nf6 8. d5 Nb8 9. O-O O-O 10.
Be3 Bf5 11. Nd4 Bd7 12. b4 Na6 13. a3 Rc8 14. Rc1 h5 15. h3 Nc7 16. Bf3 Na6 17.
Qb3 Nh7 18. Ndb5 Bxc3 19. Rxc3 Bxb5 20. cxb5 Nc7 21. Rfc1 Qd7 22. Qc2 1-0

[Event "Early-Titled-Tuesday-Blitz-September-05-2023"]
[Site "Chess.com"]
[Date "2023.09.05"]
[Round "5"]
[White "KChor05TTV"]
[Black "Fleetw00dMac"]
[Result "1-0"]
[WhiteElo "2613"]
[BlackElo "2461"]
[TimeControl "180+1"]
[EndTime "8:52:36 PDT"]
[Termination "KChor05TTV won by resignation"]

1. d4 Nf6 2. g3 g6 3. c4 Bg7 4.
Bg2 O-O 5. Nf3 d6 6. O-O Nbd7 7. Nc3 e5 8. e4 exd4 9. Nxd4 Re8 10. b3 a6 11. Bb2 Rb8 12. Qd2 Nc5 13. Rae1 Bd7 14.
Nd5 Nfxe4 15. Qc2 Ng5 16. Rxe8+ Bxe8 17. b4 Nce6 18. Nxe6 fxe6 19. Bxg7 Kxg7 20. Qc3+ Kf7 21. f4 Nh3+ 22. Kh1 exd5 23. Bxd5+ Kf8 24. Qh8+ 1-0

[Event "Early-Titled-Tuesday-Blitz-September-05-2023"]
[Site "Chess.com"]
[Date "2023.09.05"]
[Round "5"]
[White "AttilaTurzo"]
[Black "campochess"]
[Result "1-0"]
[WhiteElo "2533"]
[BlackElo "2191"]
[TimeControl "180+1"]
[EndTime "8:52:42 PDT"]
[Termination "AttilaTurzo won by resignation"]

1. d4 c5 2. d5 Nf6 3. Nc3 g6 4. e4 d6 5. Bb5+ Nbd7 6. a4 a6 7. Be2 Bg7 8. Nf3 Qc7 9. O-O O-O 10. h3 Rd8 11. Bf4 Nh5 12. Bh2 Bxc3 13. bxc3 Qa5 14. c4 Qc3 15. Rb1 Qg7 16. Nd2 Nhf6 17. f4 e6 18. Kh1 Nb6 19. e5 Nfd7 20. Ne4 dxe5 21. fxe5 exd5 22. cxd5 Nxa4 23. c4 Nxe5 24. Nf6+ Kh8 25.
Bxe5 Re8 26. Ba1 Re3 27. Qd2 Ra3 28. Ne8 Rxa1 29. Nxg7 Rxb1 30. Rxb1 Kxg7 31. Qa5 b5 32. cxb5 Bf5 33. Qxa4 Bxb1 34. Qa1+ Kg8 35. Qxb1 axb5 36.
Qxb5 1-0

[Event "Early-Titled-Tuesday-Blitz-September-05-2023"]
[Site "Chess.com"]
[Date "2023.09.05"]
[Round "5"]
[White "WindWhistler11"]
[Black "Rutricks"]
[Result "0-1"]
[WhiteElo "2481"]
[BlackElo "2648"]
[TimeControl "180+1"]
[EndTime "8:52:45 PDT"]
[Termination "Rutricks won by resignation"]

1. Nf3 g6 2. g3 Bg7 3. Bg2 Nf6 4. d4 O-O 5. b3 d6 6. Bb2 Nbd7 7. O-O c5 8. Nc3 Rb8 9. a4 a6 10. a5 b5 11. axb6 Qxb6 12. e4 cxd4 13. Na4 Qc7 14. Bxd4 Nxe4 15. Re1 Ndf6 16. Qd3 Bf5 17. Nh4 Nxf2 18. Qe2 Nh3+ 19. Kh1 Be6 20. Qxa6 Qxc2 21. Rxe6 fxe6 22. Bxh3 Qe4+ 23. Ng2 Qxd4 24. Re1 Ne4 25. Bxe6+ Kh8 26. h3 Nxg3+ 27. Kh2 Be5 0-1

[Event "Early-Titled-Tuesday-Blitz-September-05-2023"]
[Site "Chess.com"]
[Date "2023.09.05"]
[Round "5"]
[White "CFalcons8"]
[Black "Rakitic2010"]
[Result "1-0"]
[WhiteElo "2282"]
[BlackElo "2416"]
[TimeControl "180+1"]
[EndTime "8:52:46 PDT"]
[Termination "CFalcons8 won by resignation"]

1. e4 Nf6 2. e5 Nd5 3. d4 d6 4. c4 Nb6 5. exd6 cxd6 6. Nc3 g6 7.
Be3 Bg7 8. Rc1 O-O 9. b3 e5 10.
dxe5 dxe5 11. Qxd8 Rxd8 12. Nf3 Nc6 13. Nb5 Bg4 14. Nd2 Nb4 15. a3 Nd3+ 16. Bxd3 Rxd3 17. Rc3 Rxc3 18. Nxc3 Nd7 19. Nd5 b6 20. f3 Be6 21.
Nc7 Rc8 22. Nxe6 fxe6 23. Ne4 a6 24. Ke2 Bf8 25. Rd1 Rc7 26. Rxd7 1-0

[Event "Early-Titled-Tuesday-Blitz-September-05-2023"]
[Site "Chess.com"]
[Date "2023.09.05"]
[Round "5"]
[White "TomsKantans"]
[Black "Logman74"]
[Result "0-1"]
[WhiteElo "2612"]
[BlackElo "2491"]
[TimeControl "180+1"]
[EndTime "8:52:48 PDT"]
[Termination "Logman74 won by resignation"]

1. e4 e5 2. Nf3 Nc6 3. d4 exd4 4. Nxd4 Nf6 5. Nxc6 bxc6 6. Nc3 Bb4 7. Qd4 Qe7 8.
f3 h6 9. Be3 O-O 10. O-O-O Rb8 11. e5 Bxc3 12. Qxc3 Nd5 13. Rxd5 cxd5 14. Bxa7 Ra8 15.
Bc5 d6 16. exd6 cxd6 17. Bd4 Bf5 18. Bd3 Rfc8 19. Qd2 Rxa2 20. Kb1 Rca8 21. b3 Bxd3 22.
Qxd3 Qc7 23. Bb2 Qa5 24. Qd4 f6 25. Ba1 Rxa1+ 0-1

[Event "Early-Titled-Tuesday-Blitz-September-05-2023"]
[Site "Chess.com"]
[Date "2023.09.05"]
[Round "5"]
[White "Andrej2004"]
[Black "MasterKroket"]
[Result "1-0"]
[WhiteElo "2561"]
[BlackElo "2409"]
[TimeControl "180+1"]
[EndTime "8:52:49 PDT"]
[Termination "Andrej2004 won by resignation"]

1. Nf3 Nf6 2. b3 d6 3. Bb2 e5 4. d3 g6 5. c4 Bg7 6. g3 O-O 7. Bg2 Nc6 8. Nc3 e4 9. Nxe4 Nxe4 10. Bxg7 Nxf2 11. Kxf2 Kxg7 12. Rf1 f5 13. d4 Re8 14. Kg1 Qe7 15. d5 Qe3+ 16. Kh1 Ne5 17. Qd4 Qxd4 18. Nxd4 Ng4 19. e4 Ne3 20. Rf4 Nxg2 21. Kxg2 Rxe4 22.
Rxe4 fxe4 23. Re1 Bf5 24. g4 Bxg4 25. Rxe4 h5 26. h3 Bf5 27. Nxf5+ gxf5 28. Re7+ Kf6 29. Rxc7 Rg8+ 30. Kf2 Rg7 31. Rc8 Ke5 32. Rh8 f4 33.
Rxh5+ Ke4 34. Rh6 Rg3 35. Re6+ Kf5 36. Rxd6 Rxh3 37. Rd7 Rh2+ 38. Kf3 Rh3+ 39. Kg2 Rg3+ 40. Kf2 Ke4 41. Re7+ Kd4 42. Rxb7 1-0

[Event "Early-Titled-Tuesday-Blitz-September-05-2023"]
[Site "Chess.com"]
[Date "2023.09.05"]
[Round "5"]
[White "Obito24"]
[Black "TC2304"]
[Result "1-0"]
[WhiteElo "2675"]
[BlackElo "2357"]
[TimeControl "180+1"]
[EndTime "8:52:49 PDT"]
[Termination "Obito24 won by resignation"]

1. d4 d5 2. c4 c6 3. Nf3 Nf6 4. Nc3 a6 5. a4 Bf5 6. Bg5 Ne4 7.
h4 h6 8. Bf4 e6 9. Qb3 Ra7 10. a5 Be7 11. Qb6 Qxb6 12. axb6 Ra8 13. c5 Nd7 14. Nxe4 dxe4 15. Ne5 Nf6 16. e3 Nd5 17.
Bg3 f6 18. Nxc6 Kd7 19. Na5 Nb4 20. Ra4 Nd3+ 21. Bxd3 exd3 22. Nxb7 Be4 23. Na5 e5 24. f3 Bc6 25. Nxc6 Kxc6 26. Kd2 exd4 27. exd4 Rhe8 28. Re1 Kb5 29. b3 f5 30. Kxd3 Rad8 31. b7 f4 32.
Bxf4 Bxc5 33. Rxe8 1-0

[Event "Early-Titled-Tuesday-Blitz-September-05-2023"]
[Site "Chess.com"]
[Date "2023.09.05"]
[Round "5"]
[White "AsadliVugar"]
[Black "Haykoooo0o"]
[Result "1-0"]
[WhiteElo "2803"]
[BlackElo "2488"]
[TimeControl "180+1"]
[EndTime "8:52:50 PDT"]
[Termination "AsadliVugar won by resignation"]

1. e4 e5 2. Nf3 Nc6 3. Bc4 Bc5 4. O-O Nf6 5. d3 d6 6. a4 a6 7. h3 h6 8. Nc3 Ba7 9. Nd5 Nxd5 10. Bxd5 Ne7 11.
Bb3 Ng6 12. Be3 O-O 13. d4 Qe7 14. Re1 a5 15. Qd2 Bb6 16. dxe5 dxe5 17. Bxb6 cxb6 18. Rad1 Be6 19. Qd6 Bxb3 20. cxb3 Rac8 21. Qxe7 Nxe7 22. Nxe5 Rfe8 23. Nc4 Rc6 24. Rd7 Nf5 25. f3 Re7 26.
Red1 Rxd7 27. Rxd7 Nh4 28. Kf2 Ng6 29. Rxb7 Nf4 30. Rxb6 Rc7 31. g3 Nd3+ 32. Ke3 Nc5 33. Nxa5 Ne6 34. Nc4 Rd7 35. a5 Rd1 36. a6 Ra1 37. Na3 1-0

[Event "Early-Titled-Tuesday-Blitz-September-05-2023"]
[Site "Chess.com"]
[Date "2023.09.05"]
[Round "5"]
[White "emeli_chess"]
[Black "LUISMIGUELOV"]
[Result "0-1"]
[WhiteElo "2367"]
[BlackElo "2089"]
[TimeControl "180+1"]
[EndTime "8:52:50 PDT"]
[Termination "LUISMIGUELOV won by resignation"]

1. d4 d5 2. c4 c6 3. Nc3 Nf6 4.
e3 g6 5. Nf3 Bg7 6. Be2 O-O 7.
O-O dxc4 8. Bxc4 Bg4 9. h3 Bxf3 10. Qxf3 Nbd7 11. Qd1 e5 12. dxe5 Nxe5 13. Be2 Qxd1 14.
Rxd1 Rfd8 15. Bd2 Rd6 16. Be1 Rad8 17. Rxd6 Rxd6 18. Rd1 Rxd1 19. Nxd1 Nd5 20. f4 Nd7 21.
Bd2 f5 22. g4 Kf7 23. gxf5 gxf5 24. Kf2 Ke6 25. Bd3 Nc5 26. Bc2 b5 27. a3 Ne4+ 28.
Bxe4 fxe4 29. Nc3 Nxc3 30. Bxc3 Bxc3 31. bxc3 a5 32. Ke2 c5 33. Kd2 h5 34. Kc2 a4 35.
c4 b4 36. axb4 cxb4 37. Kb2 h4 38. Kc2 Kd6 39. Kb2 Kc5 40. Kc2 Kxc4 41. Kb2 b3 42. Ka3 Kc3 43. f5 b2 0-1

[Event "Early-Titled-Tuesday-Blitz-September-05-2023"]
[Site "Chess.com"]
[Date "2023.09.05"]
[Round "5"]
[White "Cheer_Down"]
[Black "GoltsevDmitry2000"]
[Result "0-1"]
[WhiteElo "2441"]
[BlackElo "2658"]
[TimeControl "180+1"]
[EndTime "8:52:52 PDT"]
[Termination "GoltsevDmitry2000 won by checkmate"]

1. e4 e6 2. d4 d5 3. Nc3 c5 4. exd5 exd5 5. Bb5+ Nc6 6. Nf3 Nf6 7.
O-O Be7 8. dxc5 Bxc5 9. Bg5 O-O 10. Bxf6 Qxf6 11. Qxd5 Bb6 12. Qg5 Qxg5 13. Nxg5 Nd4 14.
Bd3 h6 15. Nf3 Nxf3+ 16. gxf3 Bh3 17. Rfe1 Rad8 18. Rad1 Bd4 19. Re4 Rd6 20. Kh1 Bxf2 21. Bf1 Rxd1 22. Nxd1 Bxf1 23. Nxf2 Rd8 24. Kg1 Ba6 25.
Re3 Rd2 26. Rc3 Re2 27. Kg2 f5 28. Kg3 f4+ 29. Kg2 Re1 30. a4 Bf1+ 31. Kg1 Bh3# 0-1

[Event "Early-Titled-Tuesday-Blitz-September-05-2023"]
[Site "Chess.com"]
[Date "2023.09.05"]
[Round "5"]
[White "ural58"]
[Black "crazy_m_attack"]
[Result "0-1"]
[WhiteElo "2512"]
[BlackElo "2358"]
[TimeControl "180+1"]
[EndTime "8:52:52 PDT"]
[Termination "crazy_m_attack won by resignation"]

1. e4 e5 2. Nf3 Nc6 3. Bc4 Nf6 4.
Ng5 d5 5. exd5 Na5 6. Bb5+ c6 7. dxc6 bxc6 8. Bd3 Ng4 9. Nh3 f5 10. O-O Bd6 11.
Be2 O-O 12. d3 h6 13. f3 Bc5+ 14. Kh1 Ne3 15. Bxe3 Bxe3 16. Nd2 Rb8 17. Nb3 Nxb3 18. axb3 Qd4 19. c3 Qb6 20. b4 f4 21. Ng1 Be6 22. Qa4 Rf5 23. Qxa7 Qxa7 24. Rxa7 Bxa7 25. Bd1 Bxg1 26. Kxg1 Rf7 27. Bc2 Rd7 28. Re1 Bf5 29. Rxe5 Bxd3 30. Bb3+ Kh8 31. g3 fxg3 32. hxg3 Rf8 33.
Kf2 Bf5 34. g4 Bxg4 35. Kg3 Bxf3 36. Be6 Re7 0-1

[Event "Early-Titled-Tuesday-Blitz-September-05-2023"]
[Site "Chess.com"]
[Date "2023.09.05"]
[Round "5"]
[White "shimastream"]
[Black "farzadbfd"]
[Result "1-0"]
[WhiteElo "2956"]
[BlackElo "2701"]
[TimeControl "180+1"]
[EndTime "8:52:53 PDT"]
[Termination "shimastream won by resignation"]

1. e4 e5 2. Nf3 Nc6 3. Bb5 a6 4. Ba4 Nf6 5. Nc3 Bb4 6. d3 d6 7. O-O b5 8. Bb3 Bg4 9. Be3 Nd4 10. Bxd4 exd4 11. Nd5 Bc5 12. h3 Bh5 13. Nf4 Bxf3 14. Qxf3 O-O 15. Qg3 Qe7 16. a4 Qe5 17. Ne2 Bb6 18.
f4 Qh5 19. Qf2 Nxe4 20. dxe4 d3 21. Nd4 d2 22. c3 c5 23. Nf5 Rab8 24. Bd1 d5 1-0

[Event "Early-Titled-Tuesday-Blitz-September-05-2023"]
[Site "Chess.com"]
[Date "2023.09.05"]
[Round "5"]
[White "Zhigalko_Sergei"]
[Black "Yeremyan_ChessMate"]
[Result "0-1"]
[WhiteElo "2882"]
[BlackElo "2672"]
[TimeControl "180+1"]
[EndTime "8:52:53 PDT"]
[Termination "Yeremyan_ChessMate won on time"]

1. e4 c5 2. Nf3 Nc6 3. c3 Nf6 4. e5 Nd5 5. Bc4 Nb6 6. Bb3 d6 7. exd6 Qxd6 8. O-O g6 9. d4 cxd4 10. Ng5 e6 11. Ne4 Qd8 12. Bg5 Be7 13. Bh6 f5 14.
Ng3 Bf6 15. Re1 Kf7 16. Qe2 Re8 17.
Na3 Nd5 18. Rad1 Bd7 19. Nb5 Qb8 20. cxd4 a6 21. Nc3 Qd6 22. Nxd5 exd5 23. Qf3 Kg8 0-1

[Event "Early-Titled-Tuesday-Blitz-September-05-2023"]
[Site "Chess.com"]
[Date "2023.09.05"]
[Round "5"]
[White "Iunusovnuriddin"]
[Black "bazar-wokzal"]
[Result "0-1"]
[WhiteElo "2318"]
[BlackElo "2530"]
[TimeControl "180+1"]
[EndTime "8:52:57 PDT"]
[Termination "bazar-wokzal won by resignation"]

1. e4 Nc6 2. Nf3 d5 3. exd5 Qxd5 4. Nc3 Qa5 5. Bc4 Bg4 6. h3 Bh5 7. O-O O-O-O 8. a3 Nf6 9. b4 Qf5 10. Be2 Bxf3 11. Bxf3 Nd4 12. d3 Nxf3+ 13. Qxf3 Qxf3 14. gxf3 e6 15. Be3 Kb8 16. b5 Be7 17. a4 Nd5 18.
Ne4 f5 19. Nc5 Nxe3 20. Nxe6 Nxf1 21. Nxd8 Rxd8 22. Kxf1 Kc8 23. Re1 Kd7 24. Re5 g6 25. c4 Bf6 26. Rd5+ Ke7 27. Rc5 Kd7 28. Ke2 Bd4 0-1

[Event "Early-Titled-Tuesday-Blitz-September-05-2023"]
[Site "Chess.com"]
[Date "2023.09.05"]
[Round "5"]
[White "NovozhilovSemen"]
[Black "TanitoluwaAps116"]
[Result "1-0"]
[WhiteElo "2587"]
[BlackElo "2776"]
[TimeControl "180+1"]
[EndTime "8:53:01 PDT"]
[Termination "NovozhilovSemen won by checkmate"]

1. d4 Nf6 2. Nf3 e6 3. c4 b6 4. e3 Ba6 5. Bd3 Bb7 6. O-O Be7 7. Nc3 O-O 8. b3 d5 9. Bb2 c5 10. cxd5 cxd4 11. Nxd4 Nxd5 12. Qg4 Nxc3 13. Bxc3 Bf6 14. Rad1 Qd5 15. Nb5 Qg5 16. Qxg5 Bxg5 17. Nc7 Nc6 18. Nxa8 Bxa8 19. Be4 f5 20. Bf3 Rc8 21. Rd6 Kf7 22.
Rfd1 Be7 23. Rd7 Ke8 24. Bxg7 Nb4 25. Bxa8 Rxa8 26. R7d2 Kf7 27. Bd4 Rc8 28. f3 Nd5 29. Kf2 Bh4+ 30. g3 Bg5 31. h4 Be7 32. e4 fxe4 33.
fxe4 Nc3 34. Re1 Nb5 35. Be3 Bb4 36. Rd7+ Ke8 37. Red1 Rc2+ 38. Kf3 Nc3 39. R1d3 Ne2 40. Rd8+ Kf7 41. R3d7+ Kg6 42. Rg8+ Kf6 43. Bg5+ Ke5 44. Bf4+ Kf6 45. e5+ Kf5 46. Rg5# 1-0

[Event "Early-Titled-Tuesday-Blitz-September-05-2023"]
[Site "Chess.com"]
[Date "2023.09.05"]
[Round "5"]
[White "ShahMatKanal"]
[Black "jsdbv18"]
[Result "0-1"]
[WhiteElo "2428"]
[BlackElo "2598"]
[TimeControl "180+1"]
[EndTime "8:53:02 PDT"]
[Termination "jsdbv18 won by resignation"]

1. d4 Nf6 2. Nf3 d5 3. Bf4 Bf5 4. e3 e6 5. Nbd2 Nbd7 6. c4 c6 7. Qb3 Qb6 8. c5 Qxb3 9. axb3 a6 10. b4 Rc8 11. Nh4 Nh5 12. Nxf5 exf5 13. Bg3 g6 14. Bd3 Nxg3 15. hxg3 Bg7 16. Nb3 O-O 17. Na5 Rc7 18. Kd2 Re8 19. Rh4 Nf6 20. Rah1 h5 21. Ra1 Ng4 22. Rf1 Bh6 23. Be2 Nxf2 24. Rxf2 Bxe3+ 25. Ke1 Bxf2+ 26. Kxf2 Re4 27. Bf3 Re8 28. Rh1 Kg7 29. Re1 Rxe1 30. Kxe1 Kh6 31. Kf2 g5 32. Nb3 g4 33.
Be2 Kg5 34. Nc1 f4 35. Nd3 fxg3+ 36. Kxg3 f6 37. Kf2 Re7 38. g3 Re4 39. Nf4 h4 40. Bd3 hxg3+ 41. Kxg3 Re3+ 0-1